 Dungeon Crawl Stone Soup version 0.17-a0-1572-g7a1422d (webtiles) character file.

58 FakerFangirl the Firebug (level 4, -3/36 HPs)
             Began as a Naga Fire Elementalist on July 25, 2015.
             Slain by Natasha (9 damage)
             ... on level 2 of the Dungeon.
             The game lasted 00:19:22 (1568 turns).

FakerFangirl the Firebug (Naga Fire Elementalist)   Turns: 1568, Time: 00:19:22

Health: -3/36      AC:  2    Str: 10    XL:     4   Next: 2%
Magic:  1/7        EV: 10    Int: 16    God:
Gold:   7          SH:  0    Dex: 12    Spells: 2 memorised, 4 levels left

rFire  . . .     SeeInvis +     w - +0 hunting sling
rCold  . . .     Clarity  .     a - +0 robe
rNeg   . . .     SustAt   .     (no shield)
rPois  +         Gourm    .     (no helmet)
rElec  .         Spirit   .     (no cloak)
rCorr  .         Warding  .     (no gloves)
rMut   .         Stasis   .     (no barding)
MR     .....                    (no amulet)
Stlth  +++.......               (no ring)
                                e - ring of see invisible

@: very slightly contaminated, very slow, not resistant to hostile enchantments,
fairly stealthy
A: see invisible, deformed body, poison resistance, slowness 2, slow metabolism
1, spit poison 2, AC +1
a: Spit Poison


You were on level 2 of the Dungeon.
You were not hungry.

You visited 1 branch of the dungeon, and saw 2 of its levels.

You collected 7 gold pieces.

Inventory:

Hand weapons
 f - a +0 short sword
 i - a +0 short sword
 j - a +0 dagger
 k - a +0 dagger
 n - a +0 dagger
 u - a +0 dagger
 w - a +0 hunting sling (weapon)
 x - a +0 whip
 y - a +0 dagger
 z - a cursed -3 club
 A - a +0 short sword
Missiles
 o - 48 stones (quivered)
Armour
 a - a +0 robe (worn)
 q - a +0 leather armour
Jewellery
 e - a ring of see invisible (left hand)
 h - an uncursed amulet of guardian spirit
Scrolls
 d - a scroll of amnesia {unknown}
 g - a scroll of noise {unknown}
 l - a scroll of teleportation {unknown}
 m - a scroll of enchant armour {unknown}
 p - a scroll of remove curse {unknown}
 r - a scroll of fear {unknown}
Potions
 v - 2 potions of heal wounds
Books
 b - a book of Flames

   Spells                             Type                      Level
   a - Flame Tongue                   Conjuration/Fire             1
   b - Throw Flame                    Conjuration/Fire             2
   c - Conjure Flame                  Conjuration/Fire             3
   d - Inner Flame                    Hexes/Fire                   3
   e - Sticky Flame                   Conjuration/Fire             4
   f - Fireball                       Conjuration/Fire             5
Comestibles
 c - 2 bread rations
 t - a meat ration


   Skills:
 + Level 1.8 Dodging
 + Level 3.6 Stealth
 * Level 2.4 Spellcasting
 + Level 1.3 Conjurations
 * Level 3.9 Fire Magic


You had 4 spell levels left.
You knew the following spells:

 Your Spells              Type           Power        Failure   Level  Hunger
a - Flame Tongue          Conj/Fire      ##...        10%         1    #......
b - Throw Flame           Conj/Fire      ##....       12%         2    ###....


Dungeon Overview and Level Annotations

Branches:
Dungeon (2/15)

Altars:
Dithmenos

Annotations:
D:2 Natasha


Innate Abilities, Weirdness & Mutations

You cannot wear boots.
Your serpentine skin is tough (AC +1).
You have supernaturally acute eyesight.
Armour fits poorly on your strangely shaped body.
Your system is resistant to poisons.
You cover ground very slowly.
You have a slow metabolism.
You can spit poison.


Message History

The flame tongue misses Natasha.
Natasha claws you.
Casting: Flame Tongue
Confirm with . or Enter, or press ? or * to list all spells.
Aiming: Flame Tongue
Press: ? - help, Shift-Dir - straight line, f/p - Natasha
Aim: Natasha (severely wounded)
The flame tongue hits Natasha.
Natasha is almost dead.
You have got your breath back.
Natasha claws you! The white imp gestures at you. The puff of frost hits you!
* * * LOW HITPOINT WARNING * * *
Read which item? (? for menu, Esc to quit)
As you read the scroll labeled XIEDDO BAGAH, it crumbles to dust.
It is a scroll of identify.
Identify which item? (\ to view known items) (? for menu, Esc to quit)
v - 2 potions of heal wounds Natasha claws you!
You die...

#########
#.##..........#
#.#############
#.# #.# #.# #.#
#ยง# #######.##
.......@.#
#####5#h#.#
#.#.s....
#..........
#.#........#
##.#.#.##.##
#....# .. #.#.#


You could see Natasha, a white imp and a giant cockroach.

Vanquished Creatures
  4 adders (D:2)
  4 goblins
  3 hobgoblins
  A ball python (D:1)
  4 bats
  A giant newt (D:1)
  4 kobolds
  A rat (D:2)
22 creatures vanquished.

Notes
Turn   | Place    | Note
--------------------------------------------------------------
     0 | D:1      | FakerFangirl the Naga Fire Elementalist began the quest for the Orb.
     0 | D:1      | Reached XP level 1. HP: 15/15 MP: 3/3
   224 | D:1      | Reached XP level 2. HP: 22/22 MP: 0/5
   800 | D:2      | Learned a level 2 spell: Throw Flame
   915 | D:2      | Reached XP level 3. HP: 28/28 MP: 3/6
  1278 | D:2      | Found a shadowy altar of Dithmenos.
  1487 | D:2      | Reached XP level 4. HP: 36/36 MP: 7/7
  1560 | D:2      | Noticed Natasha
  1568 | D:2      | Slain by Natasha

Vault maps used:
D:1:      dpeg_arrival_stonehenge_8_columns, hangedman_decor_peaks_small,
          minmay_door_square, serial_bayou_crossing
D:2:      grunt_dithmenos_smoke, first_bread, uniq_natasha

Action                   |  1- 3 |  4- 6 || total
-------------------------+-------+-------++-------
Melee: Short sword       |     8 |       ||     8
 Fire: Hunting sling     |    15 |     3 ||    18
Throw: Stone             |     4 |       ||     4
 Cast: Flame Tongue      |    26 |     6 ||    32
       Throw Flame       |       |     1 ||     1
 Abil: Spit Poison       |    15 |     1 ||    16
  Use: Potion            |     1 |       ||     1
       Scroll            |       |     1 ||     1
  Eat: Bread ration      |     1 |       ||     1
